 Dungeon Crawl Stone Soup version 0.28.0-53-g5a82cb258f (webtiles) character file.

Game seed: 16954875561270435461

151 Tirrikindir the Ducker (level 5, 0/54 HPs)
             Began as an Octopode Fighter on Aug 19, 2022.
             Slain by Sigmund
             ... wielding a +0 scythe
              (5 damage)
             ... on level 3 of the Dungeon.
             The game lasted 00:04:49 (2093 turns).

Tirrikindir the Ducker (Octopode Fighter)           Turns: 2093, Time: 00:04:50

Health: 0/54       AC:  1    Str: 15    XL:     5   Next: 33%
Magic:  5/5        EV: 13    Int: 16    God:
Gold:   72         SH:  5    Dex: 14    Spells: 4/4 levels left

rFire   . . .      SeeInvis .   a - +1 long sword
rCold   . . .      Faith    .   b - +0 buckler
rNeg    . . .      Spirit   .   (helmet restricted)
rPois   .          Reflect  .   (no amulet)
rElec   .          Harm     .   i - +6 ring of intelligence
rCorr   .          Rampage  .   (no ring)
Will    .....                   (no ring)
Stlth   ..........              (no ring)
HPRegen 0.18/turn               (no ring)
MPRegen 0.09/turn               (no ring)
                                (no ring)
                                (no ring)

@: mighty, berserking, lethally poisoned (0 -> -3), very quick
A: almost no armour, amphibious, 8 rings, camouflage 1, gelatinous body 1,
(nimble swimmer 1), tentacles
a: no special abilities


You were on level 3 of the Dungeon.
You visited 1 branch of the dungeon, and saw 3 of its levels.

You collected 72 gold pieces.

Inventory:

Hand Weapons
 a - a +1 long sword (weapon)
Armour
 b - a +0 buckler (worn)
Jewellery
 i - a +6 ring of intelligence (left tentacle)
Potions
 f - a potion of mutation {unknown}
 j - a potion of curing {unknown}


   Skills:
 + Level 3.5 Fighting
 * Level 3.4 Long Blades
 + Level 3.6 Dodging
 + Level 2.5 Stealth
 + Level 3.5 Shields


You had 4 spell levels left.
You didn't know any spells.
Your spell library contained the following spells:

 Spells                   Type           Power      Damage    Failure   Level
 Magic Dart               Conj           0%         1d3       32%         1
 Searing Ray              Conj           0%         2d4       45%         2
 Airstrike                Air            0%         N/A       97%         4
 Animate Dead             Necr           0%         N/A       97%         4
 Fulminant Prism          Conj/Hex       0%         3d6       97%         4
 Summon Lightning Spire   Summ/Air       0%         N/A       97%         4
 Lightning Bolt           Conj/Air       0%         1d11      100%        5
 Haunt                    Necr/Summ      0%         N/A       100%        7
 Infestation              Necr           0%         N/A       100%        8


Dungeon Overview and Level Annotations

Branches:
Dungeon (3/15)

Altars:

Shops:
D:3 *

Annotations:
D:3 Sigmund


Innate Abilities, Weirdness & Mutations

You cannot wear most types of armour.
You are amphibious.
You can wear up to eight rings at the same time.
Your skin changes colour to match your surroundings (Stealth+).
Your rubbery body absorbs attacks. (AC +1, EV +1)
((You are camouflaged when in or above water. (Stealth+)))
You have tentacles for arms and can constrict up to eight enemies at once.


Message History

You kill the rat!
You now have 72 gold pieces (gained 14).
You open the door.
An adder and a goblin come into view.
Sigmund and a scorpion come into view.
There is an open door here.
There is an open door here.
Found Uqexeh's General Store.
The adder hisses angrily.
The goblin shouts!
Sigmund shouts!
There is an open door here.
Sigmund casts a spell.
Sigmund flickers and vanishes!
Deactivating autopickup; reactivate with Ctrl-A.
You feel very mighty all of a sudden. The goblin closely misses you.
You hit the goblin.
You kill the goblin!
The scorpion stings you!
You are poisoned.
The scorpion poisons you!
You slash the scorpion! You grab the scorpion.
The scorpion is heavily wounded.
You constrict the scorpion, but do no damage.
You feel very sick.
The scorpion stings you but does no damage.
Something hits you. You block the scorpion's attack.
You slash the scorpion!
You kill the scorpion!
You feel sick. You block the adder's attack. Something hits you!
* * * LOW HITPOINT WARNING * * *
You have reached level 5!
You feel agile.
It was a potion of berserk rage.
A red film seems to cover your vision as you go berserk!
You feel yourself moving faster!
You feel mighty!
You feel sick. The adder barely misses you. The adder bites you.
* * * LOW HITPOINT WARNING * * *
You barely miss the adder. Your grab misses the adder.
You feel sick. Something hits you.
You die...

###.##..#... . .⌠.....
'.......# ### .#.......
###.##.#########........
# #.##.#................
# #.##.#................
# #..#.#................
# ##.#.#.........{...#
####...#########S#.....
##.......# #@#.######
#.....>#.# #.#.# #..
#.....>#.# #.#.# #.#
#.....##.### #.#.# #.#
...........#
#.#'####'####
########.#.#
#...........# # #.#.#
#...........#
.###.#.#####.........<.#
..'.....................#


You could see an adder.

Vanquished Creatures
  A scorpion (D:3)
  Jessica (D:3)
  A gnoll (D:1)
  An adder (D:2)
  3 ball pythons
  5 bats (D:1)
  An endoplasm (D:1)
  3 giant cockroaches
  7 goblins
  5 hobgoblins
  A jackal (D:2)
  5 kobolds
  2 quokkas (D:1)
  2 frilled lizards (D:1)
  5 rats
43 creatures vanquished.

Notes
Turn   | Place    | Note
-------+----------+-------------------------------------------
     0 | D:1      | Tirrikindir the Octopode Fighter began the quest for the
                  | Orb.
     0 | D:1      | Reached XP level 1. HP: 16/16 MP: 1/1
   121 | D:1      | Reached XP level 2. HP: 18/21 MP: 2/2
   166 | D:1      | Reached skill level 1 in Stealth
   371 | D:1      | Reached XP level 3. HP: 21/26 MP: 3/3
  1795 | D:3      | Reached XP level 4. HP: 31/31 MP: 4/4
  1805 | D:3      | Noticed Jessica
  1814 | D:3      | Killed Jessica
  2074 | D:3      | Noticed Sigmund
  2074 | D:3      | Noticed a scorpion
  2085 | D:3      | Found Uqexeh's General Store.
  2091 | D:3      | Killed a scorpion
  2092 | D:3      | Reached XP level 5. HP: 6/36 MP: 5/5
  2093 | D:3      | Slain by Sigmund

Illustrated notes

Levels and vault maps discovered:
D:1:      minmay_arrival_widening_spiral_wide, layout_rooms
D:2:      minmay_evil_eye, layout_loops_ring, kennysheep_potato
D:3:      layout_basic, serial_shops, shop_fountains,
          dreamdust_ecumenical_altar_statues, uniq_sigmund, uniq_robin,
          uniq_jessica

Skill      XL: |  1  2  3  4 |
---------------+-------------+-----
Stealth        | 1 2 |  2.5
Long Blades    | 3 |  3.4
Fighting       | |  3.5
Dodging        | |  3.6
Shields        | |  3.5

Action                   |  1- 3 |  4- 6 || total
-------------------------+-------+-------++-------
Melee: Long sword        |    61 |    16 ||    77
       Constrict         |    19 |     3 ||    22
       Tentacles         |    11 |     1 ||    12
       Punch             |     1 |       ||     1
  Use: Scroll            |     7 |       ||     7
       Potion            |     2 |     2 ||     4
 Stab: Sleeping          |     9 |     2 ||    11
       Distracted        |     1 |     1 ||     2
Armor: Skin              |     3 |     2 ||     5
Dodge: Dodged            |    40 |     9 ||    49
Block: Buckler           |     8 |     4 ||    12
